2756 views
Uploaded 2020-02-28 18:01:12
Game version 1.32.2
33:06 long 4on4 ladder game on (8)Battleground_LV
Saved by BEARAND
2756 views
Uploaded 2020-02-28 18:01:12
Game version 1.32.2
33:06 long 4on4 ladder game on (8)Battleground_LV


111 units @ 9.9k
/ 0.5k
377 buildings @ 24k
/ 14.2k



| Potion of Healing | 1 | 150 |
| Staff of Sanctuary | 4 | 1000 |
| Staff of Teleportation | 3 | 450 |
| Boots of Speed | 3 | 750 |
| Periapt of Vitality | 2 | 650 |
| Circlet of Nobility | 1 | 175 |
| Healing Salve | 1 | 100 |
| Orb of Lightning | 1 | 375 |
| total: | 16 | 3650g |
| Peasant | 14 | 1050 | / | 0 |
| Dragonhawk Rider | 5 | 1000 | / | 150 |
| Priest | 1 | 135 | / | 10 |
| total: | 20 | 2185g | / | 160w |
| Scout Tower | 47 | 1410 | / | 940 |
| Arcane Tower | 5 | 350 | / | 250 |
| Guard Tower | 40 | 2800 | / | 2000 |
| Altar of Kings | 1 | 180 | / | 50 |
| Farm | 5 | 400 | / | 100 |
| Lumber Mill | 1 | 120 | / | 0 |
| Arcane Vault | 2 | 260 | / | 60 |
| Town Hall | 1 | 385 | / | 205 |
| Blacksmith | 1 | 140 | / | 60 |
| Barracks | 1 | 160 | / | 60 |
| Arcane Sanctum | 1 | 150 | / | 140 |
| Gryphon Aviary | 2 | 280 | / | 300 |
| Keep | 1 | 320 | / | 210 |
| Castle | 1 | 360 | / | 210 |
| total: | 62 | 3485g | / | 1915w |
| 0:01 | Peasant |
| 0:01 | Peasant |
| 0:10 | Altar of Kings |
| 0:15 | Peasant |
| 0:17 | Farm |
| 0:19 | Peasant |
| 0:31 | Peasant |
| 0:34 | Farm |
| 0:36 | Scout Tower |
| 1:08 | Lumber Mill |
| 1:13 | Peasant |
| 1:16 | Peasant |
| 1:26 | Peasant |
| 1:32 | Scout Tower |
| 1:38 | Arcane Tower |
| 1:39 | Peasant |
| 1:48 | Peasant |
| 2:01 | Scout Tower |
| 2:11 | Guard Tower |
| 2:12 | Blizzard |
| 2:33 | Guard Tower |
| 2:34 | Scout Tower |
| 2:35 | Scout Tower |
| 2:35 | Peasant |
| 2:35 | Peasant |
| 2:36 | Peasant |
| 2:36 | Peasant |
| 3:04 | Guard Tower |
| 3:05 | Scout Tower |
| 3:07 | Brilliance Aura |
| 3:40 | Staff of Teleportation |
| 3:40 | Boots of Speed |
| 3:50 | Guard Tower |
| 3:51 | Scout Tower |
| 3:51 | Scout Tower |
| 3:52 | Scout Tower |
| 3:52 | Scout Tower |
| 4:00 | Keep |
| 4:08 | Guard Tower |
| 4:14 | Farm |
| 4:28 | Healing Salve |
| 5:30 | Improved Masonry |
| 6:30 | Guard Tower |
| 6:31 | Scout Tower |
| 6:33 | Scout Tower |
| 6:33 | Scout Tower |
| 6:34 | Scout Tower |
| 6:35 | Scout Tower |
| 6:38 | Arcane Sanctum |
| 6:42 | Improved Lumber Harvesting |
| 6:42 | Advanced Masonry |
| 6:55 | Arcane Vault |
| 7:03 | Guard Tower |
| 7:29 | Arcane Tower |
| 7:45 | Castle |
| 8:12 | Guard Tower |
| 8:14 | Potion of Healing |
| 8:19 | Magic Sentry |
| 8:37 | Storm Bolt |
| 9:14 | Town Hall |
| 9:17 | Scout Tower |
| 9:17 | Scout Tower |
| 9:18 | Scout Tower |
| 9:18 | Scout Tower |
| 9:19 | Scout Tower |
| 9:19 | Scout Tower |
| 9:20 | Scout Tower |
| 9:20 | Scout Tower |
| 9:20 | Scout Tower |
| 9:21 | Scout Tower |
| 9:54 | Guard Tower |
| 9:56 | Guard Tower |
| 9:57 | Guard Tower |
| 10:20 | Blizzard |
| 10:43 | Farm |
| 10:44 | Farm |
| 10:44 | Imbued Masonry |
| 10:46 | Guard Tower |
| 10:46 | Guard Tower |
| 11:10 | Arcane Tower |
| 11:10 | Guard Tower |
| 11:55 | Bash |
| 11:57 | Guard Tower |
| 11:57 | Guard Tower |
| 11:59 | Scout Tower |
| 12:00 | Scout Tower |
| 12:00 | Scout Tower |
| 12:01 | Scout Tower |
| 12:01 | Scout Tower |
| 12:08 | Arcane Vault |
| 12:23 | Holy Light |
| 12:24 | Staff of Sanctuary |
| 12:39 | Guard Tower |
| 12:40 | Guard Tower |
| 12:57 | Gryphon Aviary |
| 12:58 | Blacksmith |
| 13:00 | Barracks |
| 13:08 | Boots of Speed |
| 13:09 | Boots of Speed |
| 13:19 | Guard Tower |
| 13:21 | Scout Tower |
| 13:21 | Scout Tower |
| 13:22 | Scout Tower |
| 14:19 | Gryphon Aviary |
| 14:19 | Dragonhawk Rider |
| 14:26 | Periapt of Vitality |
| 14:30 | Arcane Tower |
| 14:32 | Scout Tower |
| 14:33 | Scout Tower |
| 14:33 | Scout Tower |
| 14:34 | Scout Tower |
| 14:47 | Staff of Teleportation |
| 14:50 | Circlet of Nobility |
| 14:57 | Periapt of Vitality |
| 15:04 | Dragonhawk Rider |
| 15:05 | Dragonhawk Rider |
| 15:10 | Guard Tower |
| 15:29 | Staff of Sanctuary |
| 16:34 | Guard Tower |
| 16:35 | Scout Tower |
| 16:36 | Scout Tower |
| 16:36 | Scout Tower |
| 17:01 | Guard Tower |
| 17:04 | Dragonhawk Rider |
| 17:04 | Dragonhawk Rider |
| 18:10 | Guard Tower |
| 18:11 | Scout Tower |
| 18:12 | Scout Tower |
| 18:12 | Scout Tower |
| 18:12 | Scout Tower |
| 18:13 | Scout Tower |
| 18:13 | Scout Tower |
| 18:14 | Scout Tower |
| 18:14 | Guard Tower |
| 19:00 | Priest |
| 20:24 | Iron Forged Swords |
| 20:24 | Studded Leather Armor |
| 20:24 | Animal War Training |
| 20:32 | Arcane Tower |
| 20:32 | Guard Tower |
| 20:32 | Guard Tower |
| 20:32 | Guard Tower |
| 21:00 | Staff of Teleportation |
| 22:59 | Steel Forged Swords |
| 22:59 | Reinforced Leather Armor |
| 24:43 | Staff of Sanctuary |
| 24:43 | Staff of Sanctuary |
| 25:57 | Mithril Forged Swords |
| 25:57 | Dragonhide Armor |
| 26:31 | Guard Tower |
| 26:31 | Guard Tower |
| 30:14 | Orb of Lightning |
| 32:34 | Divine Shield |
| 32:49 | Divine Shield |
| Right click | 3948 |
| Select | 1343 |
| Select group | 544 |
| Chat | 243 |
| Build/train/purchase | 231 |
| Use ability | 147 |
| Assign group | 22 |
| Misc. action | 7 |
| Item give/drop | 6 |
| Minimap ping | 5 |
| Resource trade | 5 |
| Esc | 1 |


| Lesser Clarity Potion | 8 | 560 |
| Orb of Lightning | 2 | 750 |
| Potion of Healing | 1 | 150 |
| Healing Salve | 2 | 200 |
| Boots of Speed | 3 | 750 |
| Circlet of Nobility | 1 | 175 |
| Staff of Teleportation | 2 | 300 |
| Staff of Sanctuary | 1 | 250 |
| total: | 20 | 3135g |
| Peon | 15 | 1125 | / | 0 |
| Troll Batrider | 8 | 1280 | / | 320 |
| total: | 23 | 2405g | / | 320w |
| Watch Tower | 74 | 8140 | / | 5920 |
| Altar of Storms | 1 | 180 | / | 50 |
| Orc Burrow | 4 | 640 | / | 160 |
| War Mill | 3 | 615 | / | 0 |
| Voodoo Lounge | 4 | 520 | / | 120 |
| Great Hall | 1 | 385 | / | 185 |
| Beastiary | 2 | 290 | / | 280 |
| Stronghold | 1 | 315 | / | 190 |
| Fortress | 1 | 325 | / | 190 |
| total: | 89 | 10770g | / | 6715w |
| 0:02 | Peon |
| 0:02 | Peon |
| 0:08 | Altar of Storms |
| 0:16 | Orc Burrow |
| 0:20 | Peon |
| 0:23 | Peon |
| 0:49 | War Mill |
| 0:53 | Peon |
| 1:06 | Voodoo Lounge |
| 1:18 | Peon |
| 1:29 | Peon |
| 1:35 | Orc Burrow |
| 1:49 | Peon |
| 1:52 | Peon |
| 2:04 | Watch Tower |
| 2:07 | Wind Walk |
| 2:27 | Peon |
| 2:27 | Peon |
| 2:27 | Peon |
| 3:18 | Stronghold |
| 3:21 | Watch Tower |
| 3:32 | Watch Tower |
| 3:56 | Watch Tower |
| 3:58 | Watch Tower |
| 4:18 | Boots of Speed |
| 4:18 | Circlet of Nobility |
| 4:37 | Voodoo Lounge |
| 4:55 | Watch Tower |
| 4:56 | Watch Tower |
| 4:59 | Spiked Barricades |
| 5:04 | Lesser Clarity Potion |
| 5:59 | Critical Strike |
| 6:02 | Fortress |
| 6:38 | Reinforced Defenses |
| 6:45 | Staff of Teleportation |
| 6:55 | Watch Tower |
| 6:55 | Watch Tower |
| 7:00 | Lesser Clarity Potion |
| 7:17 | Hex |
| 7:58 | Beastiary |
| 7:59 | Beastiary |
| 8:16 | Lesser Clarity Potion |
| 8:24 | Orb of Lightning |
| 8:27 | Potion of Healing |
| 9:57 | Orc Burrow |
| 9:58 | Orc Burrow |
| 10:34 | Troll Batrider |
| 10:34 | Troll Batrider |
| 11:23 | Troll Batrider |
| 11:27 | Lesser Clarity Potion |
| 11:28 | Healing Salve |
| 11:36 | Troll Batrider |
| 11:51 | Orb of Lightning |
| 12:05 | Troll Batrider |
| 12:08 | Watch Tower |
| 12:51 | Watch Tower |
| 12:51 | Watch Tower |
| 12:54 | Watch Tower |
| 13:47 | Healing Wave |
| 13:52 | Watch Tower |
| 13:52 | Watch Tower |
| 13:55 | Watch Tower |
| 14:12 | Wind Walk |
| 14:14 | Lesser Clarity Potion |
| 14:15 | Staff of Sanctuary |
| 14:18 | Staff of Teleportation |
| 14:18 | Boots of Speed |
| 14:25 | Boots of Speed |
| 14:38 | Troll Batrider |
| 14:39 | Troll Batrider |
| 14:48 | Watch Tower |
| 14:48 | Watch Tower |
| 14:56 | Watch Tower |
| 14:57 | Watch Tower |
| 15:18 | Voodoo Lounge |
| 16:03 | Improved Spiked Barricades |
| 16:22 | Watch Tower |
| 16:32 | Watch Tower |
| 16:57 | Watch Tower |
| 16:58 | Peon |
| 17:02 | War Mill |
| 17:21 | War Mill |
| 17:31 | Watch Tower |
| 17:49 | Watch Tower |
| 18:12 | Watch Tower |
| 18:45 | Watch Tower |
| 19:01 | Watch Tower |
| 19:32 | Watch Tower |
| 19:34 | Watch Tower |
| 19:47 | Lesser Clarity Potion |
| 19:52 | Lesser Clarity Potion |
| 20:05 | Watch Tower |
| 20:08 | Watch Tower |
| 20:10 | Troll Batrider |
| 20:42 | Peon |
| 20:42 | Peon |
| 20:47 | Watch Tower |
| 20:52 | Watch Tower |
| 21:17 | Watch Tower |
| 21:33 | Watch Tower |
| 21:36 | Watch Tower |
| 21:56 | Watch Tower |
| 22:26 | Healing Wave |
| 22:34 | Watch Tower |
| 22:57 | Watch Tower |
| 22:58 | Watch Tower |
| 23:03 | Critical Strike |
| 23:07 | Watch Tower |
| 24:15 | Great Hall |
| 24:17 | Watch Tower |
| 24:18 | Watch Tower |
| 24:52 | Watch Tower |
| 26:46 | Hex |
| 26:50 | Watch Tower |
| 26:50 | Watch Tower |
| 26:51 | Watch Tower |
| 26:59 | Watch Tower |
| 26:59 | Watch Tower |
| 27:03 | Lesser Clarity Potion |
| 27:05 | Healing Salve |
| 27:59 | Voodoo Lounge |
| 28:00 | Watch Tower |
| 28:01 | Watch Tower |
| 28:19 | Wind Walk |
| 29:07 | Watch Tower |
| 29:13 | Watch Tower |
| 29:14 | Watch Tower |
| 29:17 | Watch Tower |
| 30:12 | Watch Tower |
| 30:12 | Watch Tower |
| 30:13 | Watch Tower |
| 30:15 | Watch Tower |
| 30:29 | Liquid Fire |
| 30:31 | Watch Tower |
| 30:32 | Watch Tower |
| 31:08 | Healing Wave |
| 31:20 | Watch Tower |
| 31:26 | Watch Tower |
| 31:26 | Watch Tower |
| 31:27 | Watch Tower |
| 31:31 | Watch Tower |
| 31:45 | Watch Tower |
| 31:46 | Watch Tower |
| 31:51 | Watch Tower |
| 31:51 | Watch Tower |
| 31:54 | Watch Tower |
| 31:55 | Watch Tower |
| 32:39 | Watch Tower |
| Right click | 2410 |
| Select group | 1383 |
| Select | 334 |
| Build/train/purchase | 118 |
| Use ability | 64 |
| Minimap ping | 53 |
| Misc. action | 37 |
| Chat | 33 |
| Assign group | 19 |
| Resource trade | 17 |
| Item give/drop | 6 |
| Esc | 1 |
⇛
iggythefisk
(33:00) : 


| Lesser Clarity Potion | 1 | 70 |
| Staff of Sanctuary | 3 | 750 |
| Boots of Speed | 3 | 750 |
| Staff of Teleportation | 3 | 450 |
| Circlet of Nobility | 3 | 525 |
| Orb of Lightning | 3 | 1125 |
| total: | 16 | 3670g |
| Peasant | 27 | 2025 | / | 0 |
| Priest | 2 | 270 | / | 20 |
| total: | 29 | 2295g | / | 20w |
| Scout Tower | 83 | 2490 | / | 1660 |
| Arcane Tower | 11 | 770 | / | 550 |
| Guard Tower | 37 | 2590 | / | 1850 |
| Altar of Kings | 1 | 180 | / | 50 |
| Lumber Mill | 1 | 120 | / | 0 |
| Farm | 3 | 240 | / | 60 |
| Town Hall | 2 | 770 | / | 410 |
| Arcane Vault | 3 | 390 | / | 90 |
| Arcane Sanctum | 1 | 150 | / | 140 |
| Keep | 1 | 320 | / | 210 |
| Castle | 1 | 360 | / | 210 |
| total: | 94 | 4340g | / | 2410w |
| 0:01 | Peasant |
| 0:04 | Altar of Kings |
| 0:07 | Peasant |
| 0:28 | Lumber Mill |
| 0:29 | Peasant |
| 0:32 | Farm |
| 0:42 | Peasant |
| 0:52 | Peasant |
| 1:06 | Farm |
| 1:12 | Scout Tower |
| 1:15 | Peasant |
| 1:20 | Peasant |
| 1:31 | Scout Tower |
| 1:32 | Peasant |
| 1:37 | Arcane Tower |
| 1:48 | Peasant |
| 1:50 | Scout Tower |
| 2:05 | Guard Tower |
| 2:05 | Scout Tower |
| 2:12 | Peasant |
| 2:18 | Holy Light |
| 2:21 | Improved Masonry |
| 2:26 | Peasant |
| 2:36 | Guard Tower |
| 2:37 | Scout Tower |
| 2:38 | Scout Tower |
| 3:03 | Peasant |
| 3:03 | Peasant |
| 3:03 | Peasant |
| 3:05 | Guard Tower |
| 3:27 | Arcane Tower |
| 3:28 | Scout Tower |
| 3:29 | Scout Tower |
| 3:50 | Guard Tower |
| 3:53 | Scout Tower |
| 4:20 | Divine Shield |
| 4:34 | Scout Tower |
| 5:05 | Guard Tower |
| 5:06 | Guard Tower |
| 5:22 | Town Hall |
| 5:25 | Scout Tower |
| 5:26 | Scout Tower |
| 5:28 | Arcane Tower |
| 5:29 | Scout Tower |
| 5:31 | Scout Tower |
| 5:32 | Arcane Tower |
| 5:46 | Peasant |
| 6:24 | Guard Tower |
| 6:26 | Arcane Tower |
| 6:27 | Guard Tower |
| 6:28 | Scout Tower |
| 6:32 | Scout Tower |
| 6:33 | Scout Tower |
| 6:34 | Scout Tower |
| 6:36 | Arcane Tower |
| 6:54 | Guard Tower |
| 6:58 | Arcane Vault |
| 7:02 | Scout Tower |
| 7:03 | Scout Tower |
| 7:10 | Guard Tower |
| 7:25 | Peasant |
| 7:25 | Peasant |
| 7:26 | Peasant |
| 7:29 | Scout Tower |
| 7:30 | Guard Tower |
| 7:33 | Peasant |
| 7:34 | Peasant |
| 7:34 | Peasant |
| 7:53 | Guard Tower |
| 7:55 | Scout Tower |
| 7:59 | Guard Tower |
| 8:02 | Scout Tower |
| 8:06 | Scout Tower |
| 8:25 | Keep |
| 8:28 | Guard Tower |
| 8:30 | Scout Tower |
| 8:31 | Guard Tower |
| 8:41 | Peasant |
| 8:41 | Peasant |
| 8:45 | Scout Tower |
| 8:46 | Scout Tower |
| 8:53 | Guard Tower |
| 9:00 | Arcane Vault |
| 9:07 | Guard Tower |
| 9:10 | Scout Tower |
| 9:11 | Scout Tower |
| 9:16 | Guard Tower |
| 9:17 | Scout Tower |
| 9:25 | Boots of Speed |
| 9:25 | Staff of Teleportation |
| 9:48 | Guard Tower |
| 9:50 | Scout Tower |
| 9:50 | Holy Light |
| 10:01 | Peasant |
| 10:02 | Guard Tower |
| 10:21 | Guard Tower |
| 10:33 | Guard Tower |
| 11:02 | Farm |
| 11:12 | Arcane Sanctum |
| 11:14 | Castle |
| 11:15 | Advanced Masonry |
| 11:30 | Healing Spray |
| 11:41 | Boots of Speed |
| 11:42 | Staff of Teleportation |
| 11:42 | Circlet of Nobility |
| 11:52 | Improved Lumber Harvesting |
| 11:54 | Scout Tower |
| 11:55 | Scout Tower |
| 11:55 | Scout Tower |
| 12:01 | Scout Tower |
| 12:02 | Scout Tower |
| 12:05 | Scout Tower |
| 12:05 | Scout Tower |
| 12:06 | Scout Tower |
| 12:06 | Scout Tower |
| 12:15 | Scout Tower |
| 12:19 | Scout Tower |
| 12:38 | Magic Sentry |
| 12:40 | Scout Tower |
| 12:47 | Guard Tower |
| 12:49 | Scout Tower |
| 12:50 | Scout Tower |
| 12:54 | Guard Tower |
| 13:11 | Guard Tower |
| 13:52 | Guard Tower |
| 13:59 | Scout Tower |
| 14:00 | Scout Tower |
| 14:00 | Scout Tower |
| 14:00 | Scout Tower |
| 14:14 | Scout Tower |
| 14:15 | Scout Tower |
| 14:15 | Scout Tower |
| 14:16 | Scout Tower |
| 14:19 | Arcane Tower |
| 14:19 | Guard Tower |
| 14:32 | Imbued Masonry |
| 14:32 | Advanced Lumber Harvesting |
| 14:48 | Guard Tower |
| 14:51 | Scout Tower |
| 14:52 | Scout Tower |
| 14:52 | Scout Tower |
| 14:53 | Scout Tower |
| 14:54 | Scout Tower |
| 14:54 | Scout Tower |
| 15:01 | Scout Tower |
| 15:02 | Scout Tower |
| 15:02 | Scout Tower |
| 15:05 | Guard Tower |
| 15:54 | Guard Tower |
| 15:59 | Siphon Mana |
| 16:06 | Town Hall |
| 16:22 | Arcane Vault |
| 16:35 | Boots of Speed |
| 16:35 | Staff of Teleportation |
| 16:35 | Circlet of Nobility |
| 17:02 | Guard Tower |
| 17:05 | Guard Tower |
| 17:07 | Scout Tower |
| 17:08 | Scout Tower |
| 17:08 | Scout Tower |
| 17:09 | Scout Tower |
| 17:09 | Scout Tower |
| 17:10 | Scout Tower |
| 17:11 | Scout Tower |
| 17:12 | Scout Tower |
| 17:13 | Scout Tower |
| 17:14 | Scout Tower |
| 17:23 | Orb of Lightning |
| 17:54 | Guard Tower |
| 17:56 | Scout Tower |
| 17:56 | Scout Tower |
| 17:57 | Scout Tower |
| 17:57 | Scout Tower |
| 17:58 | Scout Tower |
| 17:58 | Scout Tower |
| 19:04 | Circlet of Nobility |
| 19:39 | Peasant |
| 19:39 | Peasant |
| 19:40 | Peasant |
| 20:15 | Lesser Clarity Potion |
| 20:25 | Arcane Tower |
| 20:25 | Arcane Tower |
| 20:26 | Guard Tower |
| 20:33 | Scout Tower |
| 20:34 | Scout Tower |
| 20:36 | Guard Tower |
| 20:37 | Scout Tower |
| 20:38 | Scout Tower |
| 20:39 | Scout Tower |
| 20:46 | Staff of Sanctuary |
| 21:44 | Chemical Rage |
| 22:19 | Priest Adept Training |
| 22:20 | Priest |
| 22:38 | Guard Tower |
| 22:40 | Arcane Tower |
| 23:02 | Orb of Lightning |
| 23:08 | Staff of Sanctuary |
| 25:12 | Divine Shield |
| 25:15 | Banish |
| 26:41 | Priest |
| 28:11 | Orb of Lightning |
| 28:16 | Staff of Sanctuary |
| Right click | 2106 |
| Select group | 836 |
| Select | 527 |
| Assign group | 300 |
| Build/train/purchase | 168 |
| Use ability | 144 |
| Chat | 79 |
| Resource trade | 29 |
| Misc. action | 28 |
| Item give/drop | 3 |
| Minimap ping | 1 |



| Lesser Clarity Potion | 1 | 70 |
| Staff of Sanctuary | 3 | 750 |
| Staff of Teleportation | 4 | 600 |
| Boots of Speed | 2 | 500 |
| Periapt of Vitality | 1 | 325 |
| Circlet of Nobility | 1 | 175 |
| Healing Salve | 2 | 200 |
| Orb of Lightning | 3 | 1125 |
| total: | 17 | 3745g |
| Peasant | 37 | 2775 | / | 0 |
| Priest | 2 | 270 | / | 20 |
| total: | 39 | 3045g | / | 20w |
| Scout Tower | 122 | 3660 | / | 2440 |
| Arcane Tower | 3 | 210 | / | 150 |
| Guard Tower | 62 | 4340 | / | 3100 |
| Altar of Kings | 1 | 180 | / | 50 |
| Farm | 3 | 240 | / | 60 |
| Lumber Mill | 1 | 120 | / | 0 |
| Town Hall | 2 | 770 | / | 410 |
| Arcane Vault | 2 | 260 | / | 60 |
| Arcane Sanctum | 1 | 150 | / | 140 |
| Keep | 1 | 320 | / | 210 |
| Castle | 1 | 360 | / | 210 |
| total: | 132 | 5380g | / | 3160w |
| 0:01 | Peasant |
| 0:04 | Altar of Kings |
| 0:11 | Peasant |
| 0:24 | Peasant |
| 0:29 | Scout Tower |
| 0:34 | Farm |
| 0:35 | Peasant |
| 0:50 | Peasant |
| 0:56 | Arcane Tower |
| 1:02 | Scout Tower |
| 1:05 | Peasant |
| 1:20 | Peasant |
| 1:27 | Scout Tower |
| 1:31 | Peasant |
| 1:34 | Farm |
| 2:28 | Lumber Mill |
| 2:37 | Acid Bomb |
| 2:47 | Peasant |
| 2:48 | Peasant |
| 2:52 | Scout Tower |
| 2:53 | Scout Tower |
| 2:59 | Scout Tower |
| 3:01 | Guard Tower |
| 3:27 | Peasant |
| 3:30 | Guard Tower |
| 3:47 | Arcane Tower |
| 3:49 | Scout Tower |
| 3:54 | Guard Tower |
| 4:05 | Scout Tower |
| 4:06 | Scout Tower |
| 4:09 | Peasant |
| 4:32 | Guard Tower |
| 4:34 | Guard Tower |
| 4:48 | Staff of Teleportation |
| 4:49 | Staff of Teleportation |
| 4:55 | Guard Tower |
| 5:17 | Guard Tower |
| 5:31 | Scout Tower |
| 5:33 | Scout Tower |
| 5:59 | Peasant |
| 6:02 | Guard Tower |
| 6:43 | Scout Tower |
| 6:44 | Scout Tower |
| 6:44 | Scout Tower |
| 6:45 | Scout Tower |
| 6:57 | Chemical Rage |
| 6:59 | Guard Tower |
| 7:00 | Scout Tower |
| 7:01 | Scout Tower |
| 7:05 | Peasant |
| 7:06 | Improved Masonry |
| 7:56 | Town Hall |
| 7:57 | Guard Tower |
| 8:00 | Scout Tower |
| 8:01 | Scout Tower |
| 8:03 | Healing Salve |
| 8:05 | Lesser Clarity Potion |
| 8:31 | Guard Tower |
| 9:15 | Keep |
| 9:19 | Scout Tower |
| 9:19 | Scout Tower |
| 9:21 | Scout Tower |
| 9:26 | Guard Tower |
| 9:51 | Guard Tower |
| 9:53 | Scout Tower |
| 9:55 | Scout Tower |
| 10:05 | Peasant |
| 10:05 | Peasant |
| 10:09 | Scout Tower |
| 10:09 | Scout Tower |
| 10:22 | Guard Tower |
| 10:23 | Guard Tower |
| 10:36 | Scout Tower |
| 10:36 | Scout Tower |
| 10:38 | Scout Tower |
| 10:41 | Peasant |
| 11:17 | Guard Tower |
| 11:20 | Peasant |
| 11:55 | Town Hall |
| 12:00 | Scout Tower |
| 12:01 | Scout Tower |
| 12:01 | Scout Tower |
| 12:02 | Scout Tower |
| 12:04 | Guard Tower |
| 12:05 | Scout Tower |
| 12:06 | Scout Tower |
| 12:08 | Peasant |
| 12:10 | Advanced Masonry |
| 12:25 | Orb of Lightning |
| 12:25 | Orb of Lightning |
| 12:38 | Guard Tower |
| 12:40 | Scout Tower |
| 12:40 | Scout Tower |
| 12:41 | Guard Tower |
| 12:55 | Scout Tower |
| 13:00 | Guard Tower |
| 13:01 | Scout Tower |
| 13:10 | Guard Tower |
| 13:13 | Scout Tower |
| 13:14 | Peasant |
| 13:14 | Peasant |
| 13:15 | Peasant |
| 13:16 | Peasant |
| 13:18 | Guard Tower |
| 13:40 | Guard Tower |
| 13:41 | Peasant |
| 13:44 | Guard Tower |
| 13:47 | Peasant |
| 13:47 | Peasant |
| 13:50 | Peasant |
| 13:50 | Peasant |
| 13:56 | Guard Tower |
| 14:12 | Guard Tower |
| 14:18 | Improved Lumber Harvesting |
| 14:18 | Advanced Lumber Harvesting |
| 14:29 | Scout Tower |
| 14:29 | Scout Tower |
| 14:31 | Scout Tower |
| 14:31 | Scout Tower |
| 14:40 | Peasant |
| 14:41 | Peasant |
| 14:43 | Peasant |
| 14:43 | Peasant |
| 14:46 | Scout Tower |
| 14:47 | Scout Tower |
| 14:47 | Scout Tower |
| 14:48 | Scout Tower |
| 14:50 | Scout Tower |
| 14:50 | Scout Tower |
| 14:51 | Scout Tower |
| 14:51 | Scout Tower |
| 14:58 | Guard Tower |
| 15:11 | Arcane Sanctum |
| 15:12 | Peasant |
| 15:15 | Peasant |
| 15:15 | Peasant |
| 15:26 | Chemical Rage |
| 15:36 | Guard Tower |
| 15:38 | Scout Tower |
| 15:39 | Scout Tower |
| 15:39 | Scout Tower |
| 15:40 | Scout Tower |
| 15:54 | Guard Tower |
| 16:17 | Guard Tower |
| 16:19 | Scout Tower |
| 16:20 | Scout Tower |
| 16:21 | Scout Tower |
| 16:22 | Scout Tower |
| 16:53 | Farm |
| 17:06 | Arcane Tower |
| 17:12 | Boots of Speed |
| 17:17 | Arcane Vault |
| 17:17 | Arcane Vault |
| 17:19 | Castle |
| 17:23 | Magic Sentry |
| 17:26 | Rain of Fire |
| 17:45 | Staff of Teleportation |
| 17:55 | Scout Tower |
| 19:21 | Scout Tower |
| 19:21 | Scout Tower |
| 19:38 | Orb of Lightning |
| 19:40 | Peasant |
| 19:40 | Peasant |
| 19:42 | Staff of Sanctuary |
| 20:09 | Guard Tower |
| 20:12 | Healing Salve |
| 20:17 | Scout Tower |
| 20:18 | Scout Tower |
| 20:24 | Guard Tower |
| 20:26 | Scout Tower |
| 20:26 | Scout Tower |
| 20:30 | Imbued Masonry |
| 20:40 | Priest |
| 20:44 | Scout Tower |
| 21:12 | Guard Tower |
| 21:14 | Guard Tower |
| 21:14 | Guard Tower |
| 21:56 | Scout Tower |
| 21:56 | Guard Tower |
| 22:40 | Staff of Sanctuary |
| 23:34 | Scout Tower |
| 23:34 | Scout Tower |
| 23:35 | Scout Tower |
| 23:49 | Scout Tower |
| 23:49 | Scout Tower |
| 24:10 | Guard Tower |
| 24:11 | Guard Tower |
| 24:29 | Scout Tower |
| 24:31 | Guard Tower |
| 24:34 | Scout Tower |
| 24:34 | Scout Tower |
| 24:34 | Scout Tower |
| 24:35 | Scout Tower |
| 24:36 | Scout Tower |
| 24:37 | Scout Tower |
| 24:43 | Scout Tower |
| 24:44 | Scout Tower |
| 24:44 | Scout Tower |
| 24:44 | Scout Tower |
| 24:54 | Scout Tower |
| 24:54 | Scout Tower |
| 25:05 | Guard Tower |
| 25:08 | Scout Tower |
| 25:08 | Scout Tower |
| 25:09 | Scout Tower |
| 25:13 | Scout Tower |
| 25:14 | Scout Tower |
| 25:14 | Scout Tower |
| 25:21 | Guard Tower |
| 25:22 | Guard Tower |
| 25:24 | Scout Tower |
| 25:55 | Guard Tower |
| 25:58 | Scout Tower |
| 25:58 | Scout Tower |
| 25:58 | Scout Tower |
| 25:59 | Scout Tower |
| 26:31 | Guard Tower |
| 26:32 | Scout Tower |
| 26:33 | Scout Tower |
| 26:33 | Scout Tower |
| 26:34 | Scout Tower |
| 26:41 | Priest |
| 26:49 | Scout Tower |
| 26:50 | Scout Tower |
| 26:50 | Scout Tower |
| 26:51 | Scout Tower |
| 26:51 | Guard Tower |
| 27:04 | Guard Tower |
| 27:08 | Guard Tower |
| 27:45 | Holy Light |
| 28:16 | Guard Tower |
| 28:18 | Scout Tower |
| 28:18 | Scout Tower |
| 28:18 | Scout Tower |
| 28:44 | Scout Tower |
| 28:45 | Scout Tower |
| 28:45 | Scout Tower |
| 28:48 | Guard Tower |
| 28:49 | Scout Tower |
| 29:00 | Scout Tower |
| 29:01 | Scout Tower |
| 29:01 | Scout Tower |
| 29:02 | Scout Tower |
| 29:10 | Staff of Sanctuary |
| 29:29 | Guard Tower |
| 30:05 | Guard Tower |
| 30:09 | Scout Tower |
| 30:10 | Scout Tower |
| 30:10 | Scout Tower |
| 30:11 | Scout Tower |
| 30:36 | Scout Tower |
| 30:40 | Guard Tower |
| 30:49 | Staff of Teleportation |
| 30:50 | Boots of Speed |
| 30:50 | Periapt of Vitality |
| 30:51 | Circlet of Nobility |
| 31:43 | Guard Tower |
| 31:44 | Guard Tower |
| Right click | 2478 |
| Select | 1044 |
| Select group | 404 |
| Build/train/purchase | 217 |
| Assign group | 160 |
| Use ability | 82 |
| Misc. action | 10 |
| Minimap ping | 10 |
| Resource trade | 7 |
| Item give/drop | 3 |
| Esc | 1 |
204 units @ 33.2k
/ 6.3k
79 buildings @ 11k
/ 4.7k
⇛
Dfreeman321
(31:59) : 

| Healing Salve | 1 | 100 |
| Lesser Clarity Potion | 1 | 70 |
| total: | 2 | 170g |
| Peon | 9 | 675 | / | 0 |
| Grunt | 1 | 200 | / | 0 |
| Troll Batrider | 6 | 960 | / | 240 |
| Demolisher | 10 | 2200 | / | 500 |
| total: | 26 | 4035g | / | 740w |
| Watch Tower | 4 | 440 | / | 320 |
| Altar of Storms | 1 | 180 | / | 50 |
| Orc Burrow | 5 | 800 | / | 200 |
| Voodoo Lounge | 1 | 130 | / | 30 |
| War Mill | 1 | 205 | / | 0 |
| Barracks | 2 | 360 | / | 100 |
| Beastiary | 1 | 145 | / | 140 |
| Stronghold | 1 | 315 | / | 190 |
| Fortress | 1 | 325 | / | 190 |
| total: | 15 | 2260g | / | 840w |
| 0:04 | Altar of Storms |
| 0:05 | Orc Burrow |
| 0:06 | Peon |
| 0:07 | Peon |
| 0:18 | Peon |
| 0:43 | Peon |
| 0:53 | Peon |
| 1:13 | Voodoo Lounge |
| 1:38 | Peon |
| 1:41 | War Mill |
| 2:08 | Wind Walk |
| 2:11 | Peon |
| 2:18 | Orc Burrow |
| 2:32 | Healing Salve |
| 2:32 | Lesser Clarity Potion |
| 3:08 | Watch Tower |
| 4:04 | Barracks |
| 4:05 | Stronghold |
| 4:17 | Watch Tower |
| 4:19 | Watch Tower |
| 5:28 | Orc Burrow |
| 5:36 | Steel Armor |
| 5:39 | Watch Tower |
| 5:44 | Orc Burrow |
| 5:53 | Grunt |
| 6:38 | Beastiary |
| 7:36 | Peon |
| 7:36 | Peon |
| 7:50 | Healing Wave |
| 8:14 | Troll Batrider |
| 8:14 | Troll Batrider |
| 8:14 | Troll Batrider |
| 8:16 | Orc Burrow |
| 9:21 | Troll Batrider |
| 9:21 | Troll Batrider |
| 9:21 | Troll Batrider |
| 9:24 | Barracks |
| 9:25 | Demolisher |
| 9:43 | Demolisher |
| 10:10 | Steel Ranged Weapons |
| 10:32 | Demolisher |
| 11:15 | Demolisher |
| 11:34 | Thorium Ranged Weapons |
| 13:07 | Demolisher |
| 13:12 | Fortress |
| 14:08 | Reinforced Defenses |
| 14:56 | Demolisher |
| 17:35 | Burning Oil |
| 17:42 | Critical Strike |
| 20:17 | Arcanite Ranged Weapons |
| 20:51 | Hex |
| 22:22 | Thorium Armor |
| 25:34 | Demolisher |
| 25:34 | Demolisher |
| 25:36 | Arcanite Armor |
| 28:20 | Demolisher |
| 28:20 | Demolisher |
| Right click | 818 |
| Select | 385 |
| Chat | 261 |
| Select group | 190 |
| Build/train/purchase | 66 |
| Use ability | 21 |
| Assign group | 19 |
| Resource trade | 10 |
| Minimap ping | 8 |
| Misc. action | 4 |


| Healing Salve | 4 | 400 |
| Orb of Lightning | 1 | 375 |
| Potion of Healing | 1 | 150 |
| Potion of Mana | 1 | 200 |
| Scroll of Speed | 1 | 50 |
| Scroll of Town Portal | 1 | 350 |
| Boots of Speed | 1 | 250 |
| total: | 10 | 1775g |
| Peon | 14 | 1050 | / | 0 |
| Grunt | 3 | 600 | / | 0 |
| Kodo Beast | 2 | 510 | / | 120 |
| Shaman | 5 | 650 | / | 100 |
| Tauren | 6 | 1680 | / | 480 |
| Raider | 3 | 540 | / | 120 |
| Demolisher | 4 | 880 | / | 200 |
| Troll Witch Doctor | 4 | 580 | / | 100 |
| Troll Batrider | 11 | 1760 | / | 440 |
| total: | 52 | 8250g | / | 1560w |
| Watch Tower | 9 | 990 | / | 720 |
| Altar of Storms | 1 | 180 | / | 50 |
| Orc Burrow | 6 | 960 | / | 240 |
| Barracks | 1 | 180 | / | 50 |
| Voodoo Lounge | 1 | 130 | / | 30 |
| War Mill | 2 | 410 | / | 0 |
| Great Hall | 1 | 385 | / | 185 |
| Beastiary | 1 | 145 | / | 140 |
| Spirit Lodge | 1 | 150 | / | 150 |
| Tauren Totem | 1 | 135 | / | 155 |
| Stronghold | 1 | 315 | / | 190 |
| Fortress | 1 | 325 | / | 190 |
| total: | 24 | 3665g | / | 1720w |
| 0:02 | Peon |
| 0:02 | Peon |
| 0:06 | Altar of Storms |
| 0:12 | Orc Burrow |
| 0:30 | Barracks |
| 0:36 | Peon |
| 0:50 | Peon |
| 1:14 | Peon |
| 1:27 | Peon |
| 1:32 | Orc Burrow |
| 1:44 | Grunt |
| 2:01 | Voodoo Lounge |
| 2:08 | Critical Strike |
| 2:42 | Grunt |
| 2:47 | Grunt |
| 3:12 | Stronghold |
| 3:40 | Wind Walk |
| 3:49 | Healing Salve |
| 3:57 | War Mill |
| 4:03 | War Mill |
| 5:13 | Great Hall |
| 5:44 | Boots of Speed |
| 5:50 | Critical Strike |
| 6:07 | Beastiary |
| 6:11 | Spirit Lodge |
| 6:48 | Healing Wave |
| 6:52 | Fortress |
| 7:29 | Ensnare |
| 7:32 | Shaman Adept Training |
| 9:01 | Hex |
| 9:23 | Wind Walk |
| 9:27 | Peon |
| 9:27 | Peon |
| 9:28 | Peon |
| 9:37 | War Drums Damage Increase |
| 9:38 | Kodo Beast |
| 9:39 | Shaman Master Training |
| 9:39 | Shaman |
| 9:47 | Steel Armor |
| 9:57 | Orb of Lightning |
| 10:03 | Potion of Healing |
| 10:03 | Potion of Mana |
| 10:04 | Healing Salve |
| 10:04 | Scroll of Speed |
| 10:14 | Pillage |
| 10:22 | Tauren Totem |
| 10:24 | Steel Melee Weapons |
| 11:14 | Kodo Beast |
| 11:17 | Scroll of Town Portal |
| 11:43 | Pulverize |
| 11:43 | Tauren |
| 11:48 | Peon |
| 11:50 | Peon |
| 11:52 | Peon |
| 12:03 | Orc Burrow |
| 12:06 | Orc Burrow |
| 12:44 | Witch Doctor Adept Training |
| 13:37 | Shaman |
| 13:38 | Shaman |
| 13:40 | Tauren |
| 13:41 | Raider |
| 13:41 | Raider |
| 13:56 | Witch Doctor Master Training |
| 14:06 | Burning Oil |
| 14:07 | Demolisher |
| 14:09 | Demolisher |
| 14:28 | Tauren |
| 15:01 | Shaman |
| 15:02 | Troll Witch Doctor |
| 15:06 | Orc Burrow |
| 15:10 | Orc Burrow |
| 15:22 | Thorium Armor |
| 17:13 | Watch Tower |
| 17:17 | Watch Tower |
| 17:19 | Reinforced Defenses |
| 18:40 | Troll Witch Doctor |
| 19:05 | Hex |
| 19:53 | Demolisher |
| 19:53 | Demolisher |
| 19:55 | Troll Batrider |
| 19:55 | Troll Batrider |
| 19:55 | Troll Batrider |
| 19:55 | Troll Batrider |
| 19:57 | Tauren |
| 20:00 | Troll Witch Doctor |
| 20:00 | Troll Witch Doctor |
| 20:00 | Shaman |
| 20:22 | Peon |
| 20:22 | Peon |
| 20:31 | Healing Salve |
| 20:32 | Healing Salve |
| 21:16 | Watch Tower |
| 21:56 | Tauren |
| 21:57 | Raider |
| 22:45 | Watch Tower |
| 22:48 | Watch Tower |
| 24:56 | Watch Tower |
| 25:00 | Watch Tower |
| 25:05 | Tauren |
| 26:28 | Watch Tower |
| 26:31 | Watch Tower |
| 26:58 | Troll Batrider |
| 26:59 | Troll Batrider |
| 26:59 | Troll Batrider |
| 27:00 | Troll Batrider |
| 27:00 | Troll Batrider |
| 27:01 | Troll Batrider |
| 27:01 | Troll Batrider |
| Right click | 916 |
| Select group | 411 |
| Select | 338 |
| Build/train/purchase | 108 |
| Assign group | 54 |
| Use ability | 31 |
| Chat | 29 |
| Item give/drop | 4 |
| Remove unit | 1 |



| Scroll of Regeneration | 1 | 100 |
| Lesser Clarity Potion | 2 | 140 |
| Potion of Mana | 1 | 200 |
| total: | 4 | 440g |
| Peasant | 11 | 825 | / | 0 |
| Rifleman | 17 | 3485 | / | 510 |
| Mortar Team | 16 | 2880 | / | 1120 |
| Priest | 6 | 810 | / | 60 |
| Sorceress | 4 | 620 | / | 80 |
| Flying Machine | 7 | 700 | / | 210 |
| Footman | 1 | 135 | / | 0 |
| total: | 62 | 9455g | / | 1980w |
| Scout Tower | 1 | 30 | / | 20 |
| Arcane Tower | 1 | 70 | / | 50 |
| Blacksmith | 1 | 140 | / | 60 |
| Farm | 13 | 1040 | / | 260 |
| Barracks | 1 | 160 | / | 60 |
| Altar of Kings | 1 | 180 | / | 50 |
| Arcane Vault | 1 | 130 | / | 30 |
| Arcane Sanctum | 3 | 450 | / | 420 |
| Workshop | 2 | 280 | / | 280 |
| Keep | 1 | 320 | / | 210 |
| Castle | 1 | 360 | / | 210 |
| total: | 23 | 2410g | / | 1180w |
| 0:07 | Peasant |
| 0:07 | Peasant |
| 0:12 | Peasant |
| 0:40 | Peasant |
| 0:55 | Blacksmith |
| 0:58 | Peasant |
| 1:04 | Farm |
| 1:10 | Barracks |
| 1:22 | Peasant |
| 1:25 | Altar of Kings |
| 1:32 | Peasant |
| 1:36 | Farm |
| 1:52 | Peasant |
| 2:07 | Peasant |
| 2:11 | Rifleman |
| 2:18 | Farm |
| 2:23 | Farm |
| 2:27 | Peasant |
| 2:40 | Rifleman |
| 3:01 | Rifleman |
| 3:13 | Breath of Fire |
| 3:13 | Breath of Fire |
| 3:30 | Rifleman |
| 3:35 | Farm |
| 3:43 | Farm |
| 3:49 | Farm |
| 3:59 | Arcane Vault |
| 4:03 | Peasant |
| 4:09 | Rifleman |
| 4:39 | Keep |
| 4:52 | Scout Tower |
| 5:32 | Drunken Haze |
| 5:48 | Scroll of Regeneration |
| 5:49 | Lesser Clarity Potion |
| 6:24 | Rifleman |
| 6:35 | Arcane Tower |
| 6:45 | Farm |
| 6:51 | Rifleman |
| 6:57 | Farm |
| 7:02 | Arcane Sanctum |
| 7:12 | Castle |
| 7:33 | Rifleman |
| 7:41 | Long Rifles |
| 7:47 | Lesser Clarity Potion |
| 7:59 | Black Gunpowder |
| 8:32 | Rifleman |
| 9:03 | Rifleman |
| 9:20 | Rifleman |
| 9:27 | Breath of Fire |
| 9:27 | Breath of Fire |
| 9:44 | Rifleman |
| 10:08 | Arcane Sanctum |
| 10:14 | Arcane Sanctum |
| 10:34 | Rifleman |
| 10:42 | Workshop |
| 10:46 | Workshop |
| 10:58 | Rifleman |
| 11:25 | Rifleman |
| 11:36 | Priest Adept Training |
| 12:20 | Mortar Team |
| 12:28 | Farm |
| 12:35 | Mortar Team |
| 12:36 | Priest |
| 12:38 | Priest Master Training |
| 13:55 | Priest |
| 13:56 | Mortar Team |
| 13:56 | Fragmentation Shards |
| 14:11 | Farm |
| 14:21 | Farm |
| 14:58 | Mortar Team |
| 15:29 | Flame Strike |
| 15:32 | Farm |
| 15:35 | Priest |
| 15:56 | Priest |
| 16:30 | Priest |
| 19:52 | Mortar Team |
| 19:52 | Mortar Team |
| 19:54 | Mortar Team |
| 19:54 | Mortar Team |
| 20:01 | Priest |
| 21:13 | Sorceress |
| 21:13 | Sorceress |
| 21:13 | Sorceress |
| 21:14 | Sorceress |
| 21:55 | Rifleman |
| 22:43 | Summon Water Elemental |
| 22:43 | Summon Water Elemental |
| 23:04 | Flying Machine |
| 23:04 | Flak Cannons |
| 23:05 | Flying Machine |
| 23:05 | Flying Machine |
| 23:05 | Flying Machine |
| 23:06 | Flying Machine |
| 23:06 | Flying Machine |
| 23:06 | Flying Machine |
| 24:03 | Mortar Team |
| 24:03 | Mortar Team |
| 24:03 | Mortar Team |
| 24:04 | Mortar Team |
| 24:04 | Mortar Team |
| 24:05 | Mortar Team |
| 24:05 | Mortar Team |
| 24:05 | Mortar Team |
| 24:22 | Siphon Mana |
| 26:35 | Flare |
| 27:21 | Footman |
| 29:50 | Rifleman |
| 29:59 | Potion of Mana |
| Right click | 759 |
| Select group | 541 |
| Select | 294 |
| Build/train/purchase | 123 |
| Misc. action | 104 |
| Assign group | 49 |
| Use ability | 28 |
| Esc | 13 |
| Resource trade | 6 |
| Minimap ping | 3 |
| Item give/drop | 2 |



| Rod of Necromancy | 5 | 750 |
| Orb of Corruption | 1 | 375 |
| Potion of Healing | 2 | 300 |
| Dust of Appearance | 2 | 150 |
| Scroll of Town Portal | 3 | 1050 |
| Potion of Lesser Invulnerability | 2 | 300 |
| total: | 15 | 2925g |
| Acolyte | 11 | 825 | / | 0 |
| Ghoul | 5 | 600 | / | 0 |
| Crypt Fiend | 17 | 3655 | / | 680 |
| Obsidian Statue | 15 | 3000 | / | 525 |
| Tauren | 9 | 2520 | / | 720 |
| Shaman | 7 | 910 | / | 140 |
| total: | 64 | 11510g | / | 2065w |
| Crypt | 1 | 200 | / | 50 |
| Graveyard | 1 | 215 | / | 0 |
| Altar of Darkness | 1 | 180 | / | 50 |
| Ziggurat | 9 | 1350 | / | 450 |
| Tomb of Relics | 1 | 130 | / | 30 |
| Slaughterhouse | 2 | 280 | / | 270 |
| Halls of the Dead | 2 | 640 | / | 420 |
| Black Citadel | 2 | 650 | / | 460 |
| Orc Burrow | 2 | 320 | / | 80 |
| total: | 17 | 2675g | / | 930w |
| 0:02 | Acolyte |
| 0:02 | Acolyte |
| 0:12 | Crypt |
| 0:16 | Graveyard |
| 0:20 | Acolyte |
| 0:20 | Acolyte |
| 0:42 | Altar of Darkness |
| 0:57 | Ziggurat |
| 1:12 | Ghoul |
| 1:12 | Ghoul |
| 1:24 | Tomb of Relics |
| 1:49 | Crypt Fiend |
| 2:07 | Ziggurat |
| 2:18 | Ghoul |
| 2:24 | Crypt Fiend |
| 2:24 | Crypt Fiend |
| 2:45 | Rod of Necromancy |
| 2:53 | Death Coil |
| 3:20 | Halls of the Dead |
| 3:21 | Ghoul |
| 3:22 | Ghoul |
| 3:59 | Crypt Fiend |
| 4:08 | Unholy Aura |
| 4:14 | Ziggurat |
| 4:23 | Crypt Fiend |
| 4:42 | Rod of Necromancy |
| 4:42 | Rod of Necromancy |
| 4:43 | Dust of Appearance |
| 5:16 | Ziggurat |
| 5:35 | Death Coil |
| 5:45 | Black Citadel |
| 6:32 | Slaughterhouse |
| 6:52 | Web |
| 6:58 | Rod of Necromancy |
| 6:58 | Rod of Necromancy |
| 7:01 | Frost Nova |
| 7:04 | Creature Attack |
| 7:04 | Improved Creature Attack |
| 7:21 | Potion of Lesser Invulnerability |
| 7:22 | Potion of Lesser Invulnerability |
| 7:57 | Obsidian Statue |
| 7:57 | Crypt Fiend |
| 8:29 | Obsidian Statue |
| 8:41 | Advanced Creature Attack |
| 9:11 | Acolyte |
| 9:26 | Ziggurat |
| 9:28 | Destroyer Form |
| 9:44 | Scroll of Town Portal |
| 10:24 | Acolyte |
| 10:24 | Acolyte |
| 10:24 | Acolyte |
| 10:25 | Acolyte |
| 10:28 | Acolyte |
| 10:28 | Acolyte |
| 11:10 | Unholy Aura |
| 11:19 | Ziggurat |
| 11:42 | Dark Ritual |
| 11:56 | Creature Carapace |
| 11:56 | Improved Creature Carapace |
| 12:14 | Obsidian Statue |
| 12:15 | Crypt Fiend |
| 12:27 | Orb of Corruption |
| 12:55 | Impale |
| 12:58 | Obsidian Statue |
| 13:00 | Crypt Fiend |
| 13:06 | Ziggurat |
| 13:28 | Obsidian Statue |
| 13:45 | Crypt Fiend |
| 13:51 | Slaughterhouse |
| 13:58 | Advanced Creature Carapace |
| 14:35 | Dust of Appearance |
| 15:32 | Obsidian Statue |
| 15:33 | Crypt Fiend |
| 16:10 | Obsidian Statue |
| 16:14 | Ziggurat |
| 17:16 | Ziggurat |
| 19:01 | Obsidian Statue |
| 19:01 | Crypt Fiend |
| 19:20 | Crypt Fiend |
| 19:20 | Obsidian Statue |
| 20:10 | Potion of Healing |
| 20:10 | Potion of Healing |
| 20:12 | Scroll of Town Portal |
| 21:57 | Obsidian Statue |
| 22:09 | Crypt Fiend |
| 22:11 | Obsidian Statue |
| 24:53 | Obsidian Statue |
| 24:53 | Crypt Fiend |
| 24:56 | Frost Nova |
| 25:07 | Death Pact |
| 25:56 | Scroll of Town Portal |
| 27:56 | Obsidian Statue |
| 28:35 | Crypt Fiend |
| 28:36 | Obsidian Statue |
| 29:21 | Tauren |
| 29:21 | Tauren |
| 29:22 | Tauren |
| 29:22 | Tauren |
| 29:23 | Tauren |
| 29:23 | Tauren |
| 29:25 | Shaman |
| 29:25 | Shaman |
| 29:25 | Shaman |
| 29:25 | Shaman |
| 30:03 | Tauren |
| 30:03 | Tauren |
| 30:03 | Tauren |
| 30:07 | Shaman |
| 30:07 | Shaman |
| 30:07 | Shaman |
| 31:28 | Orc Burrow |
| 31:29 | Orc Burrow |
| 32:37 | Crypt Fiend |
| 32:41 | Crypt Fiend |
| 32:42 | Obsidian Statue |
| Select group | 4095 |
| Right click | 2230 |
| Select | 1214 |
| Misc. action | 518 |
| Build/train/purchase | 213 |
| Use ability | 213 |
| Assign group | 100 |
| Minimap ping | 67 |
| Esc | 14 |
| Item give/drop | 5 |